 Dungeon Crawl Stone Soup version 0.20-a0-1074-g6a0a8e1 (console) character file.

228 skyler the Skirmisher (level 6, -4/66 HPs)
             Began as an Ogre Berserker on Apr 30, 2017.
             Was a Believer of Trog.
             Splashed by a jelly's acid (10 damage)
             ... on level 4 of the Dungeon.
             The game lasted 00:03:19 (3243 turns).

skyler the Skirmisher (Ogre Berserker)              Turns: 3243, Time: 00:03:19

Health: -4/66      AC: -9    Str: 24    XL:     6   Next: 2%
Magic:  6/6        EV: 10    Int:  8    God:    Trog [**....]
Gold:   148        SH:  0    Dex:  8    Spells: 5/5 levels left

rFire    . . .     SeeInvis .   a - +0 mace
rCold    . . .     Gourm    .   (no shield)
rNeg     . . .     Faith    .   b - +0 animal skin
rPois    .         Spirit   .   (helmet restricted)
rElec    .         Reflect  .   (no cloak)
rCorr    .         Harm     .   (gloves unavailable)
MR       .....                  (boots unavailable)
Stlth    +.........             (no amulet)
Regen    0.3/turn               (no ring)
MPRegen  0.1/turn               (no ring)

@: corroded
A: unfitting armour, tough skin 1
a: Berserk, Trog's Hand, Burn Spellbooks, Renounce Religion


You were on level 4 of the Dungeon.
You worshipped Trog.
Trog was pleased with you.
You were not hungry.

You visited 1 branch of the dungeon, and saw 4 of its levels.

You collected 148 gold pieces.

Inventory:

Hand Weapons
 a - a +0 mace (weapon)
Armour
 b - a +0 animal skin (worn)
Wands
 m - a wand of digging (7/24)
Scrolls
 e - 2 scrolls of remove curse {unknown}
 g - a scroll of recharging {unknown}
 h - a scroll of noise {unknown}
 i - 2 scrolls of identify {unknown}
 n - 4 scrolls of magic mapping {unknown}
 o - 2 scrolls of enchant weapon {unknown}
 p - 2 scrolls of teleportation {unknown}
 r - a scroll of fear {unknown}
Potions
 f - 4 potions of might {unknown}
 j - a potion of mutation {unknown}
 k - a potion of agility {unknown}
 s - a potion of brilliance {unknown}
Comestibles
 c - 2 bread rations
 d - 3 meat rations
 q - 3 fruits


   Skills:
 + Level 5.6 Fighting
 * Level 4.6 Maces & Flails
 + Level 3.5 Dodging


You had 5 spell levels left.
You didn't know any spells.

Dungeon Overview and Level Annotations

Branches:
Dungeon (4/15)
 Temple: D:4-7

Altars:
Sif Muna

Annotations:
D:4 skyler's ghost, amateur TrBe


Innate Abilities, Weirdness & Mutations

You are too large for most types of armour.
You have tough skin. (AC +1)


Message History

You are too injured to fight recklessly!
You are too injured to fight recklessly!
You are too injured to fight recklessly!
You are too injured to fight recklessly!
You are too injured to fight recklessly!
You are too injured to fight recklessly!
You are too injured to fight recklessly!
You are too injured to fight recklessly!
You are too injured to fight recklessly!
You hit the jelly but do no damage.
Your hands burn!
* * * LOW HITPOINT WARNING * * *
The jelly is lightly wounded.
The jelly hits you.
* * * LOW HITPOINT WARNING * * *
The acid corrodes you!
You are splashed with acid!
The acid burns!
* * * LOW HITPOINT WARNING * * *
You feel better. The jelly hits you.
* * * LOW HITPOINT WARNING * * *
The acid corrodes you!
You are splashed with acid!
The acid burns!
You die...

.. ...... .. ......#
##### .. ........ .....
#.##........#. ...#
................ #...#
................ ....+
..#..####.....####....#
..<.....+.......@J....#
........#.......###...#
........#.......###...#
.......)#..........#....
.#......'................
........#................
........#.............. .
#.......##......#......
........##......#......


You could see a jelly.

Vanquished Creatures
  Menkaure (D:4)
  A worker ant (D:4)
  3 adders (D:2)
  2 worms (D:2)
  3 leopard geckos
  3 orcs
  4 giant cockroaches
  3 hobgoblins
  4 jackals
  3 quokkas (D:2)
  4 bats
  6 frilled lizards
  3 goblins (D:2)
  7 kobolds
  5 rats
52 creatures vanquished.

Notes
Turn   | Place    | Note
-------+----------+-------------------------------------------
     0 | D:1      | skyler the Ogre Berserker began the quest for the Orb.
     0 | D:1      | Reached XP level 1. HP: 24/24 MP: 1/1
   159 | D:1      | Reached XP level 2. HP: 33/33 MP: 2/2
   956 | D:2      | Reached ** piety under Trog
   956 | D:2      | Reached XP level 3. HP: 35/40 MP: 3/3
  1552 | D:2      | Reached XP level 4. HP: 8/49 MP: 4/4
  1558 | D:2      | HP: 2/49 [poisoned by an adder]
  2138 | D:3      | Found a deep blue altar of Sif Muna.
  2892 | D:4      | Noticed Menkaure
  2897 | D:4      | Killed Menkaure
  2897 | D:4      | Reached skill level 5 in Fighting
  2897 | D:4      | Reached XP level 5. HP: 57/57 MP: 5/5
  2918 | D:4      | Reached XP level 6. HP: 21/66 MP: 6/6
  2968 | D:4      | Noticed skyler's ghost (amateur TrBe)
  3241 | D:4      | HP: 1/66 [acid (10)]
  3243 | D:4      | Splashed by a jelly's acid

Vault maps used:
D:1:      lightli_arrival_maybe_door_vault, hangedman_decor_clover_reticule
D:2:      first_bread, hex_tiny, grunt_ministairs_11
D:3:      led_sif_pool, serial_bayou, serial_bayou_pond_d, serial_bayou_pond_b,
          serial_bayou_pond_d, serial_bayou_crossing
D:4:      serial_shops, nicolae_shop_statue_plus, uniq_menkaure

Skill      XL: |  1  2  3  4 |
---------------+-------------+-----
Maces & Flails | 3 4 |  4.6
Dodging        | 3 |  3.5
Fighting       | 5 |  5.6

Action                   |  1- 3 |  4- 6 || total
-------------------------+-------+-------++-------
Melee: Mace              |   140 |    55 ||   195
Invok: Berserk           |     1 |       ||     1
  Use: Potion            |       |     2 ||     2
  Eat: Chunk             |     2 |     6 ||     8
Armor: Animal skin       |    55 |     6 ||    61
Dodge: Dodged            |   102 |    34 ||   136
